 Dungeon Crawl Stone Soup version 0.31.0-9-g3a7656b989 (webtiles) character file.

Game seed: 14025142400812732148

2367 qw the Skirmisher (level 9, -3/51 HPs)
             Began as a Deep Elf Hunter on Feb 2, 2024.
             Slain by a gnoll sergeant
             ... wielding a +0 trident
              (7 damage)
             ... on level 5 of the Dungeon.
             The game lasted 00:00:26 (4751 turns).

qw the Skirmisher (Deep Elf Hunter)                 Turns: 4751, Time: 00:00:27

Health: -3/51      AC:  6    Str: 12    XL:     9   Next: 21%
Magic:  0/11       EV: 15    Int: 15    God:
Gold:   260        SH:  0    Dex: 18    Spells: 8/8 levels left

rFire   + . .        a - +2 longbow (freeze)
rCold   . . .        (shield currently unavailable)
rNeg    . . .        n - +1 leather armour "Itiydwaq" {Fly}
rPois   .            i - +2 hat
rElec   .            (no cloak)
rCorr   .            (no gloves)
SInv    .            (no boots)
Will    .....        h - amulet of guardian spirit
Stlth   ++           g - ring of protection from fire
HPRegen 0.28/turn    (no ring)
MPRegen 0.12/turn

%: guardian spirit
@: flying
A: no striking features
a: no special abilities


You were on level 5 of the Dungeon.
You visited 1 branch of the dungeon, and saw 6 of its levels.
You also visited: Sewer.

You collected 260 gold pieces.


   Skills:
 - Level 3.5 Fighting
 + Level 14.7 Ranged Weapons
 - Level 6.0 Dodging
 - Level 1.2 Stealth


You had 8 spell levels left.
You didn't know any spells.
Your spell library was empty.

Inventory:

Hand Weapons
 a - a +2 longbow of freezing (weapon)
Armour
 b - a +0 ring mail
 i - a +2 hat (worn)
 n - the +1 leather armour "Itiydwaq" (worn) {Fly}
   (You found it on level 2 of the Dungeon)

   Fly:       It grants you flight.
Jewellery
 g - a ring of protection from fire (left hand)
 h - an amulet of guardian spirit (around neck)
Wands
 c - a wand of mindburst (13)
Scrolls
 l - a scroll of enchant armour
Potions
 e - a potion of enlightenment
 j - a potion of resistance
 o - a potion of mutation
 q - 2 potions of curing {unknown}

Dungeon Overview and Level Annotations

Branches:
Dungeon (6/15)              Sewer (visited)
 Temple: D:4-7

Altars:
Cheibriados
Dithmenos
Elyvilon
Fedhas
Ru
Sif Muna
Xom
Yredelemnul


Message History

You kill the gnoll!
You hear a shout! x2
A gnoll sergeant and 2 gnolls come into view.
The gnoll shouts!
The gnoll barely misses you.
A gnoll comes into view. It is wielding a +0 flail.
You shoot an arrow.
The arrow barely misses the gnoll sergeant.
The gnoll misses you. The gnoll sergeant barely misses you.
You shoot an arrow.
The arrow closely misses the gnoll sergeant.
The gnoll sergeant hits you from afar with a +0 trident!
The gnoll hits you from afar with a +0 spear.
You shoot an arrow. The arrow hits the gnoll sergeant!
The arrow freezes the gnoll sergeant.
The gnoll sergeant is moderately wounded.
The gnoll sergeant hits you but does no damage.
A sleepcap comes into view.
The gnoll closely misses you.
You shoot an arrow. The arrow hits the sleepcap.
The arrow freezes the sleepcap.
The sleepcap is lightly damaged.
The gnoll completely misses you.
The gnoll sergeant hits you from afar with a +0 trident.
The sleepcap releases spores at you.
You are engulfed in a cloud of soporific spores!
You fall asleep.
The gnoll sergeant hits you from afar with a +0 trident!
You wake up.
The sleepcap closely misses you.
The gnoll hits you from afar with a +0 spear. x2
You shoot an arrow. The arrow hits the sleepcap.
The arrow freezes the sleepcap.
The sleepcap is moderately damaged.
The gnoll hits you but does no damage.
The gnoll sergeant hits you from afar with a +0 trident.
The gnoll misses you. The sleepcap releases spores at you.
You are engulfed in a cloud of soporific spores!
You are unaffected.
You shoot an arrow. The arrow hits the sleepcap.
The arrow freezes the sleepcap.
The sleepcap is heavily damaged.
The gnoll sergeant hits you from afar with a +0 trident!
You die...

##......####.##
#........#....#
#...}..).')##.#
#....}...'.##.#
#........####.#
##......##
#?########
##....##
#.#gg.....
######
#.#.g.....
#.#@.g#
..###f.# ###
.## .# .. .# .#
..


You could see a sleepcap, a gnoll sergeant and 3 gnolls.

Vanquished Creatures
  A hornet (D:5)
  Menkaure (D:4)
  Edmund (D:4)
  2 ice beasts
  Pargi (Sewer)
  2 black bears (D:4)
  2 ogres
  3 centaurs (D:6)
  A brain worm (Sewer)
  A bullfrog (D:6)
  2 scorpions (D:6)
  4 wights (D:6)
  4 jellies (D:4)
  4 hounds (D:6)
  Ijyb (D:4)
  Natasha (twice) (D:2)
  3 iguanas
  A gnoll (D:5)
  9 adders
  A white imp (D:6)
  2 ribbon worms
  3 dart slugs
  2 orcs
  8 ball pythons
  13 bats
  21 endoplasms
  5 giant cockroaches
  6 hobgoblins
  11 jackals
  15 kobolds
  4 quokkas
  2 frilled lizards (D:1)
  3 goblins (D:1)
  10 rats
151 creatures vanquished.

Notes
Turn   | Place    | Note
-------+----------+-------------------------------------------
     0 | D:1      | qw the Deep Elf Hunter began the quest for the Orb.
     0 | D:1      | Reached XP level 1. HP: 12/12 MP: 3/3
     0 | D:1      | 0 ||| qw: Version: 0.3-a-155-g5e7d8dd
     0 | D:1      | 0 ||| qw: Game counter: 1297
     0 | D:1      | 0 ||| qw: Melee chars always use a shield: true
     0 | D:1      | 0 ||| qw: God list: Okawaru
     0 | D:1      | 0 ||| qw: Allow faded altars: false
     0 | D:1      | 0 ||| qw: Do Orc after clearing Dungeon:15 true
     0 | D:1      | 0 ||| qw: Do second Lair branch before Depths: true
     0 | D:1      | 0 ||| qw: Lair rune preference: random
     0 | D:1      | 0 ||| qw: Goals: Normal
     0 | D:1      | 0 ||| PLANNING D:1-11
   133 | D:1      | Reached skill level 6 in Ranged Weapons
   133 | D:1      | Reached XP level 2. HP: 11/16 MP: 4/4
   385 | D:1      | Reached XP level 3. HP: 20/20 MP: 5/5
   482 | D:1      | 482 ||| UPGRADING to ring of protection from fire.
   483 | D:1      | 483 ||| READING scroll labelled JIAS ZAFARUANE.
   483 | D:1      | 483 ||| IDENTIFYING sedimented green potion
   484 | D:1      | 484 ||| READING scroll labelled EXKEFRYLEC.
   485 | D:1      | 485 ||| READING scroll labelled RED NAURGHAA.
   490 | D:1      | 490 ||| READING scroll labelled EMA YSIGAUG.
   490 | D:1      | 490 ||| ENCHANTING +0 shortbow.
   491 | D:1      | 491 ||| DRINKING 2 sedimented cyan potions.
   492 | D:1      | 492 ||| DROPPING scroll of butterflies.
   493 | D:1      | 493 ||| DROPPING potion of attraction.
   576 | D:2      | Noticed a shining eye
   580 | D:2      | Found a faded altar of an unknown god.
   582 | D:2      | Noticed an eye of devastation
   582 | D:2      | Noticed a glass eye
   582 | D:2      | Noticed a great orb of eyes
   628 | D:2      | Reached skill level 7 in Ranged Weapons
   744 | D:2      | Noticed Natasha
   750 | D:2      | 750 ||| ZAPPING wand of flame (6) at -1,1 (Natasha; floor).
   750 | D:2      | Killed Natasha
   751 | D:2      | Reached XP level 4. HP: 17/25 MP: 6/6
  1043 | D:2      | Reached skill level 8 in Ranged Weapons
  1059 | D:2      | Identified the +1 leather armour "Itiydwaq" {Fly}
  1352 | D:2      | Noticed Natasha
  1357 | D:2      | Killed Natasha
  1358 | D:2      | Reached XP level 5. HP: 29/29 MP: 7/7
  1460 | D:2      | 1460 ||| UPGRADING to +0 ring mail.
  1470 | D:2      | 1470 ||| DROPPING +0 leather armour.
  1471 | D:2      | 1471 ||| UPGRADING to +1 leather armour "Itiydwaq" {Fly}.
  1481 | D:2      | 1481 ||| UPGRADING to amulet of guardian spirit.
  1486 | D:2      | 1486 ||| READING scroll of identify.
  1486 | D:2      | 1486 ||| IDENTIFYING ruby potion
  1487 | D:2      | 1487 ||| READING scroll labelled GANUJU HUQOOSK.
  1488 | D:2      | 1488 ||| READING scroll labelled ZEUNTE NOCA.
  1489 | D:2      | 1489 ||| READING scroll labelled JUCULL UBOYV.
  1590 | D:2      | 1590 ||| DRINKING 2 golden potions.
  1591 | D:2      | 1591 ||| DRINKING 2 murky ruby potions.
  1638 | D:3      | 1638 ||| PLANNING SEWER
  1674 | D:3      | Found a glowing drain.
  1690 | Sewer    | Entered a sewer
  1724 | Sewer    | Reached skill level 9 in Ranged Weapons
  1746 | Sewer    | Noticed Pargi
  1758 | Sewer    | HP: 7/29 [Pargi (3)]
  1759 | Sewer    | 1759 ||| DRINKING potion of heal wounds.
  1762 | Sewer    | Killed Pargi
  1763 | Sewer    | Reached XP level 6. HP: 21/34 MP: 2/8
  1849 | Sewer    | 1849 ||| UPGRADING to +2 hat.
  1862 | D:3      | 1862 ||| PLANNING D:1-11
  2185 | D:3      | Identified the +3 mace "Utzefod" {vamp, *Slow rC- Int+5
                  | Dex+3}
  2558 | D:3      | 2558 ||| READING scroll labelled ISAGHI BENAPH.
  2604 | D:4      | Noticed an ice beast
  2605 | D:4      | 2605 ||| DRINKING 2 potions of haste.
  2623 | D:4      | Killed an ice beast
  2648 | D:4      | Found a snail-covered altar of Cheibriados.
  2659 | D:4      | Noticed Edmund
  2663 | D:4      | 2663 ||| DRINKING potion of haste.
  2678 | D:4      | Killed Edmund
  2679 | D:4      | Reached skill level 10 in Ranged Weapons
  2679 | D:4      | Reached XP level 7. HP: 31/40 MP: 7/9
  2759 | D:4      | Reached skill level 11 in Ranged Weapons
  2945 | D:4      | Found a shimmering blue altar of Sif Muna.
  3093 | D:4      | HP: 3/40 [ogre/+0 giant club (15)]
  3094 | D:4      | 3094 ||| READING scroll of teleportation.
  3334 | D:4      | Reached skill level 12 in Ranged Weapons
  3383 | D:4      | Noticed Menkaure
  3398 | D:4      | Killed Menkaure
  3399 | D:4      | Reached skill level 3 in Fighting
  3399 | D:4      | Reached XP level 8. HP: 23/46 MP: 4/10
  3581 | D:4      | 3581 ||| FLEEEEING.
  3582 | D:4      | 3582 ||| FLEEEEING.
  3583 | D:4      | 3583 ||| FLEEEEING.
  3584 | D:4      | 3584 ||| FLEEEEING.
  3585 | D:4      | 3585 ||| FLEEEEING.
  3586 | D:4      | 3586 ||| FLEEEEING.
  3587 | D:4      | 3587 ||| FLEEEEING.
  3663 | D:4      | Found a basalt altar of Yredelemnul.
  3663 | D:4      | Found a white marble altar of Elyvilon.
  3663 | D:4      | Found a sacrificial altar of Ru.
  3663 | D:4      | Found a blossoming altar of Fedhas.
  3663 | D:4      | Found a shadowy altar of Dithmenos.
  3663 | D:4      | Found a shimmering altar of Xom.
  3751 | D:4      | You are sucked into a shaft and drop 2 floors!
  3756 | D:6      | Identified the +4 hand axe of the Cursing Whale {drain,
                  | rElec Will++ Dex-4 Stlth+}
  3767 | D:6      | 3767 ||| RETREEEEATING.
  3773 | D:6      | 3773 ||| RETREEEEATING.
  3774 | D:6      | 3774 ||| RETREEEEATING.
  3775 | D:6      | 3775 ||| RETREEEEATING.
  3799 | D:6      | Reached skill level 13 in Ranged Weapons
  3898 | D:6      | 3898 ||| RETREEEEATING.
  3904 | D:6      | 3904 ||| RETREEEEATING.
  3905 | D:6      | 3905 ||| RETREEEEATING.
  3906 | D:6      | 3906 ||| RETREEEEATING.
  4053 | D:6      | 4053 ||| RETREEEEATING.
  4055 | D:6      | 4055 ||| RETREEEEATING.
  4057 | D:6      | 4057 ||| RETREEEEATING.
  4058 | D:6      | 4058 ||| RETREEEEATING.
  4062 | D:6      | 4062 ||| RETREEEEATING.
  4068 | D:6      | 4068 ||| RETREEEEATING.
  4071 | D:6      | Reached skill level 14 in Ranged Weapons
  4085 | D:6      | Reached skill level 6 in Dodging
  4087 | D:6      | HP: 11/46 [wight/+0 flail (3)]
  4094 | D:6      | Reached XP level 9. HP: 13/51 MP: 2/11
  4237 | D:6      | 4237 ||| SWAPPING to +0 orcbow.
  4238 | D:6      | 4238 ||| DROPPING +0 shortbow.
  4246 | D:6      | 4246 ||| READING 2 scrolls of identify.
  4246 | D:6      | 4246 ||| IDENTIFYING bubbling dark potion
  4247 | D:6      | 4247 ||| READING scroll of identify.
  4247 | D:6      | 4247 ||| IDENTIFYING fuming silvery potion
  4248 | D:6      | 4248 ||| READING scroll labelled SIETWO SOWO.
  4248 | D:6      | Identified a scroll of acquirement
  4248 | D:6      | 4248 ||| ACQUIRING +2 longbow of freezing
  4248 | D:6      | Acquired a +2 longbow of freezing
  4250 | D:6      | 4250 ||| SWAPPING to +2 longbow of freezing.
  4251 | D:6      | 4251 ||| DROPPING +0 orcbow.
  4252 | D:6      | 4252 ||| READING scroll labelled MASHOPN MOTIDEST.
  4253 | D:6      | 4253 ||| READING 2 scrolls labelled DUYTSY KIUDIACW.
  4254 | D:6      | 4254 ||| DROPPING potion of magic.
  4255 | D:6      | 4255 ||| DROPPING wand of flame (5).
  4256 | D:6      | 4256 ||| DROPPING potion of berserk rage.
  4257 | D:6      | 4257 ||| DROPPING scroll of amnesia.
  4266 | D:5      | Entered Level 5 of the Dungeon
  4293 | D:5      | 4293 ||| READING scroll labelled DASEZX HIBLUZUYTZ.
  4500 | D:4      | Noticed Ijyb
  4509 | D:4      | Killed Ijyb
  4750 | D:5      | HP: 9/51 [gnoll sergeant/+0 trident (5)]
  4750 | D:5      | HP: 4/51 [sleepcap (5)]
  4751 | D:5      | Slain by a gnoll sergeant

Levels and vault maps discovered:
D:1:      psy_arrival_statuary, layout_basic
D:2:      layout_loops_corners, hellmonk_ecumenical_altar_watching_god,
          mrwooster_statue_mirror, uniq_natasha
D:3:      layout_basic, portal_sewer_entry_a
D:4:      cheibrodos_fertilizer, layout_loops_ring, kennysheep_orc_sif_temple,
          mainiacjoe_overflow_six_doors_small, uniq_edmund, uniq_ijyb,
          uniq_menkaure
D:5:      layout_loops_ring, kennysheep_generic_room_3
D:6:      minmay_recursive_quarters, layout_rooms, serial_park_tiny_1,
          due_unseen_surprise

Skill      XL: |  1  2  3  4  5  6  7  8 |
---------------+-------------------------+-----
Ranged Weapons | 6 7 8 9 10 12 14 | 14.7
Dodging        | 4 6 |  6.0
Fighting       | 2 3 |  3.5
Stealth        | |  1.2

Action                     |  1- 3 |  4- 6 |  7- 9 || total
---------------------------+-------+-------+-------++-------
   Fire: Shortbow          |    94 |   212 |   242 ||   548
         Longbow           |       |       |    30 ||    30
  Evoke: Wand              |     1 |       |       ||     1
    Use: Scroll            |     4 |     5 |     7 ||    16
         Potion            |     1 |     5 |       ||     6
 Armour: Leather armour    |    22 |    50 |    83 ||   155
  Dodge: Dodged            |    18 |    65 |    89 ||   172

Table legend:
 A = Non-vault XP
 B = Vault XP
 C = Vault XP percentage of total XP
 D = Non-vault monster count
 E = Vault monster count
 F = Vault count percentage of total count
                 A         B        C        D         E       F
            +---------+---------+-------+---------+---------+-------
      Total |    1661 |    1721 |  50.9 |     108 |      43 |  28.5
            +---------+---------+-------+---------+---------+-------
        D:1 |      48 |       0 |   0.0 |      28 |       0 |   0.0
        D:2 |     117 |      35 |  23.0 |      21 |       1 |   4.5
        D:3 |      76 |       5 |   6.2 |      28 |       3 |   9.7
        D:4 |     662 |     543 |  45.1 |      19 |      21 |  52.5
        D:5 |     169 |     261 |  60.7 |       3 |       1 |  25.0
        D:6 |     589 |     646 |  52.3 |       9 |       9 |  50.0
      Sewer |       0 |     231 | 100.0 |       0 |       8 | 100.0
            +---------+---------+-------+---------+---------+-------
